 Dungeon Crawl Stone Soup version 0.27-a0-1119-gbf574a6a6b (webtiles) character file.

Game seed: 4929993080965659313

0 Zeld the Shield-Bearer (level 1, 0/16 HPs)
             Began as an Octopode Fighter on May 2, 2021.
             Frozen to death by an endoplasm (3 damage)
             ... on level 4 of the Dungeon.
             The game lasted 00:00:50 (150 turns).

Zeld the Shield-Bearer (Octopode Fighter)            Turns: 150, Time: 00:00:50

Health: 0/16       AC:  1    Str: 15    XL:     1   Next: 0%
Magic:  1/1        EV: 11    Int: 10    God:
Gold:   0          SH:  8    Dex: 11    Spells: 0/0 levels left

rFire    . . .     SeeInvis .   a - +0 war axe
rCold    . . .     Faith    .   b - +0 kite shield
rNeg     . . .     Spirit   .   (helmet restricted)
rPois    .         Reflect  .   (no amulet)
rElec    .         Harm     .   (no ring)
rCorr    .         Rampage  .   (no ring)
Will     .....                  (no ring)
Stlth    +.........             (no ring)
HPRegen  0.05/turn              (no ring)
MPRegen  0.07/turn              (no ring)
                                (no ring)
                                (no ring)

@: lit by a corona, glowing
A: almost no armour, amphibious, 8 rings, camouflage 1, gelatinous body 1,
(nimble swimmer 1), tentacles
a: no special abilities


You were on level 4 of the Dungeon.
You visited 1 branch of the dungeon, and saw 4 of its levels.

Inventory:

Hand Weapons
 a - a +0 war axe (weapon)
Armour
 b - a +0 kite shield (worn)
Potions
 c - a potion of might


   Skills:
 * Level 3.0 Fighting
 * Level 2.0 Axes
 - Level 3.0 Dodging
 * Level 3.0 Shields


You couldn't memorise any spells.
You didn't know any spells.
Your spell library was empty.

Dungeon Overview and Level Annotations

Branches:
Dungeon (4/15)
 Temple: D:4-7

Altars:

Annotations:
D:4 Dowan


Innate Abilities, Weirdness & Mutations

You cannot wear most types of armour.
You are amphibious.
You can wear up to eight rings at the same time.
Your skin changes colour to match your surroundings (Stealth+).
Your rubbery body absorbs attacks. (AC +1, EV +1)
((You are camouflaged near water. (Stealth+)))
You have tentacles for arms and can constrict up to eight enemies at once.


Message History

The iguana hisses angrily.
Dowan gestures wildly while chanting.
Dowan blinks!
You start waiting.
Dowan is nearby!
Dowan is nearby!
There is a shaft here.
The iguana falls through a shaft!
The shaft crumbles and collapses.
Dowan points at you and mumbles some strange words.
The puff of frost hits you!
Ouch! That really hurt!
Found a scroll labelled JADUIL JAEJ.
Dowan says, "There's a certain beauty in death, don't you think?"
Dowan says, "Magic and the sword, together, will defeat you."
Dowan gestures at you while chanting.
You are outlined in light.
A hobgoblin comes into view.
The hobgoblin shouts!
Found a stone staircase leading down.
A jackal comes into view.
The jackal moves out of view.
You block the hobgoblin's attack. The kobold barely misses you.
You block the kobold's attack.
An endoplasm comes into view.
The endoplasm quivers.
The kobold barely misses you.
You hit the endoplasm but do no damage. You closely miss the hobgoblin.
The endoplasm hits you but does no damage.
The kobold throws a stone.
You block the stone.
The hobgoblin hits you but does no damage.
The endoplasm freezes you.
You are frozen.
The kobold throws a stone.
The stone hits you.
* * * LOW HITPOINT WARNING * * *
You hit the hobgoblin.
You kill the hobgoblin!
You hit the endoplasm but do no damage. The endoplasm closely misses you.
The endoplasm freezes you.
You are frozen.
You die...

.......[#.#.#.# #.####
#######.#.# ... #.... # #.#.#
#.#####.########.#
##.###§#.###.##...........#?#.##
.................................
###.###.#.###.##.##..#####.#.#.##
...#......#.###.## #.#
#####......#.†.#..####.#
.........<.#@#......e..#
######.....#JK.#####...#
...........## ##..# ####.....#..#
#.## #...(.#...K ..# #........#.
#.# #.....h..## #.# .....h....
..#


You could see an endoplasm, a jackal (wandering) and a kobold.

Vanquished Creatures
  A hobgoblin (D:4)
1 creature vanquished.

Notes
Turn   | Place    | Note
-------+----------+-------------------------------------------
     0 | D:1      | Zeld the Octopode Fighter began the quest for the Orb.
     0 | D:1      | Reached XP level 1. HP: 16/16 MP: 1/1
    93 | D:4      | Noticed Dowan
   115 | D:4      | Noticed an iguana
   150 | D:4      | Frozen to death by an endoplasm

Illustrated notes

Levels and vault maps discovered:
D:1:      amcnicky_arrival_gap_in_the_tavern_cellar, layout_basic,
          shapermc_ecumenical_altar_mp_urbaneastern, chequers_mini_garden
D:2:      layout_rooms, serial_forest, infiniplex_forest_lined_ring,
          infiniplex_forest_clump_long, infiniplex_forest_end_2,
          infiniplex_forest_end_2, infiniplex_forest_corner_1, uniq_terence
D:3:      layout_basic, slow_altar_1, serial_shops, shop,
          minmay_misc_feat_square
D:4:      layout_basic, amcnicky_altar_gilded, minivault_14, minmay_checkerbox,
          uniq_duvessa, uniq_sigmund, uniq_ijyb

Action                   || total
-------------------------++-------
Melee: War axe           ||     2
Armor: Skin              ||     2
Dodge: Dodged            ||     4
Block: Kite shield       ||     7

Table legend: (Time is in decaauts)
 A = Elapsed time spent in this place.
 B = Non-inter-level travel time spent in this place.
 C = Inter-level travel time spent in this place.
 D = Time resting spent in this place.
 E = Time spent auto-exploring this place.
 F = Levels seen in this place.
 G = Mean time per level.
                   A        B        C        D        E       F      G
               +--------+--------+--------+--------+--------+-----+--------+
         Total |    149 |    149 |      0 |      3 |     23 |   4 |   37.2 |
       Dungeon |    149 |    149 |      0 |      3 |     23 |   4 |   37.2 |
               +--------+--------+--------+--------+--------+-----+--------+

Top non-repeatable levels by time:
     D:4: 74 daAuts
     D:3: 27 daAuts
     D:1: 24 daAuts
     D:2: 23 daAuts
